 Dungeon Crawl Stone Soup version 0.30-a0-760-g5a9884bb7c (webtiles) character file.

Game seed: 6025565563376187959

10441 mopl the Covert (level 11, -2/74 HPs)
             Began as a Purple Draconian Enchanter on Feb 10, 2023.
             Was a Believer of Dithmenos.
             Killed from afar by a gargoyle (23 damage)
             ... with a stone arrow
             ... on level 11 of the Dungeon.
             The game lasted 00:25:39 (12296 turns).

mopl the Covert (Purple Draconian Enchanter)       Turns: 12296, Time: 00:25:40

Health: -2/74      AC: 10    Str: 10    XL:     11   Next: 36%
Magic:  25/27      EV: 27    Int: 21    God:    Dithmenos [**....]
Gold:   680        SH:  0    Dex: 11    Spells: 9/20 levels left

rFire   . . .      SeeInvis .    a - +1 dagger (vamp)
rCold   . . .      Faith    .    (no shield)
rNeg    . . .      Spirit   .    (body armour unavailable)
rPois   .          Reflect  .    (helmet restricted)
rElec   .          Harm     .    O - +0 cloak
rCorr   .          Rampage  .    (no gloves)
Will    +....                    R - +1 pair of boots
Stlth   +++++                    G - amulet of the acrobat
HPRegen 0.32/turn                f - +4 ring of slaying
MPRegen 0.20/turn                Q - ring of magical power

@: acrobatic, wreathed by umbra
A: breathe power, AC +7, unfitting armour, cold-blooded
a: Breathe Dispelling Energy, Renounce Religion, Shadow Step


You were on level 11 of the Dungeon.
You worshipped Dithmenos.
Dithmenos was pleased with you.
You visited 2 branches of the dungeon, and saw 12 of its levels.
You also visited: Ossuary.

You collected 1057 gold pieces.
You spent 377 gold pieces at shops.

Inventory:

Hand Weapons
 a - a +1 vampiric dagger (weapon)
 b - the +7 rapier of Ried {holy, rF+ rCorr}
   (You found it on level 9 of the Dungeon)

   rF:        It protects you from fire.
   rCorr:     It protects you from acid and corrosion.
 u - a +2 dagger of protection
 x - the +1 dagger of the Hurting Rat {flame, rElec rC- rCorr Str+3}
   (You found it on level 3 of the Dungeon)

   Str:       It affects your strength (+3).
   rC:        It makes you vulnerable to cold.
   rElec:     It insulates you from electricity.
   rCorr:     It protects you from acid and corrosion.
Missiles
 l - 13 poisoned darts
 n - 6 javelins
 q - 12 atropa-tipped darts
 B - 12 boomerangs
 D - 4 throwing nets
 S - 2 curare-tipped darts
Armour
 O - a +0 cloak (worn)
 R - a +1 pair of boots (worn)
Jewellery
 f - a +4 ring of slaying (left hand)
 k - an amulet of guardian spirit
 w - a ring of wizardry
 G - an amulet of the acrobat (around neck)
 H - a ring of fire
 P - a ring of resist corrosion
 Q - a ring of magical power (right hand)
 T - a ring of positive energy
Wands
 F - a wand of flame (21)
 L - a wand of acid (7)
 V - a wand of iceblast (18)
 Z - a wand of polymorph (3)
Scrolls
 e - 4 scrolls of teleportation {unknown}
 h - a scroll of brand weapon {unknown}
 i - 7 scrolls of fog {unknown}
 m - 3 scrolls of fear {unknown}
 o - 2 scrolls of amnesia {unknown}
 p - 2 scrolls of vulnerability {unknown}
 r - 4 scrolls of poison {unknown}
 t - a scroll of magic mapping {unknown}
 y - 3 scrolls of noise {unknown}
 I - 2 scrolls of enchant weapon {unknown}
 J - a scroll of blinking {unknown}
 K - a scroll of enchant armour {unknown}
 X - 2 scrolls of silence {unknown}
Potions
 c - a potion of resistance {unknown}
 d - 3 potions of heal wounds
 g - 3 potions of magic
 j - 2 potions of berserk rage {!q}
 s - 3 potions of curing
 v - 3 potions of flight
 z - 4 potions of lignification {!q}
 A - 2 potions of ambrosia
 C - 3 potions of mutation {unknown}
 E - 2 potions of haste
 M - 3 potions of might
 U - 2 potions of brilliance
 W - a potion of cancellation
 Y - 5 potions of invisibility


   Skills:
 + Level 6.3 Short Blades
 + Level 5.5 Throwing
 - Level 1.7 Dodging
 * Level 10.0 Stealth
 - Level 5.0 Spellcasting
 - Level 3.0 Conjurations
 + Level 8.7 Hexes
 - Level 3.0 Ice Magic
 + Level 5.4 Invocations
 + Level 6.7 Evocations


You had 9 spell levels left.
You knew the following spells:

 Your Spells              Type           Power      Damage    Failure   Level
a - Dazzling Flash        Conj/Hex       58%        N/A       3%          3
b - Ensorcelled Hibernat  Hex/Ice        58%        N/A       1%          2
c - Confusing Touch       Hex            42%        N/A       1%          3
d - Tukima's Dance        Hex            42%        N/A       1%          3

Your spell library contained the following spells:

 Spells                   Type           Power      Damage    Failure   Level
 Hailstorm                Conj/Ice       17%        3d6       10%         3
 Cigotuvi's Dreadful Rot  Necr/Pois/Air  10%        N/A       16%         2
 Ice Form                 Ice/Tmut       11%        N/A       50%         4
 Dispel Undead            Necr           5%         3d7       71%         4
 Death Channel            Necr           2%         N/A       100%        6
 Simulacrum               Ice/Necr       5%         N/A       100%        6


Dungeon Overview and Level Annotations

Branches:
Dungeon (11/15)            Temple (1/1) D:7            Lair (0/5) D:10
Ossuary (visited)
    Orc: D:9-12

Altars:
Cheibriados
Dithmenos
Elyvilon
Gozag
Hepliaklqana
Makhleb
Okawaru
Qazlal
Sif Muna
Trog
Uskayaw
Wu Jian
Yredelemnul
The Shining One

Shops:
D:4 :   D:7 !   D:8 !

Annotations:
D:11 1 transporter, kae's ghost, journeyman DrTm


Innate Abilities, Weirdness & Mutations

You can breathe bolts of dispelling energy.
Your rich purple scales are hard. (AC +7)
You cannot fit into any form of body armour.
You are cold-blooded and may be slowed by cold attacks.


Message History

Press: ? - help, Shift-Dir - straight line, f/p - boulder beetle
Aim: a boulder beetle (lightly wounded, rolling, very poisoned, 90% to hit)
You throw a poisoned dart.
The poisoned dart hits the boulder beetle.
The boulder beetle looks even sicker.
The boulder beetle is lightly wounded.
Throw: 14 darts (poison)
Press: ? - help, Shift-Dir - straight line, f/p - boulder beetle
Aim: a boulder beetle (rolling, very poisoned, 90% to hit)
You throw a poisoned dart.
The poisoned dart hits the boulder beetle.
The boulder beetle looks as sick as possible!
The boulder beetle completely misses you.
The boulder beetle stops rolling and uncurls.
Really walk into that dispersal trap?
You enter a dispersal trap!
The gargoyle blinks!
The boulder beetle leaps! x2
You blink.
The gargoyle misses you.
Casting: Ensorcelled Hibernation (safe; 1% risk of failure)
Confirm with . or Enter, or press ? or * to list all spells.
Your hands begin to glow red.
The gargoyle hits you with a +0 mace!
Unknown command.
You hit the gargoyle but do no damage. The gargoyle barely misses you.
The boulder beetle curls into a ball and begins rolling!
You barely miss the gargoyle.
Your tail-slap misses the gargoyle.
The gargoyle closely misses you.
You hit the boulder beetle but do no damage.
The boulder beetle appears confused.
The boulder beetle is moderately wounded.
The boulder beetle hits you!!!
Ouch! That really hurt!
* * * LOW HITPOINT WARNING * * *
The boulder beetle stops rolling and uncurls.
The gargoyle hits you with a +0 mace.
* * * LOW HITPOINT WARNING * * *
Really walk into that dispersal trap?
You enter a dispersal trap!
The gargoyle blinks! x2; The boulder beetle leaps! x2
You blink.
The gargoyle hurls a stone arrow at you.
The stone arrow hits you!!
You die...

##.##.........##
#..##.........#
##............#
####.........#
#.........#
#§........#
##.......##
#...§...B.#
#....§9@..#
#.........#
#...°.....#
#.........#
##....°..##
##.....##
#######


You could see a boulder beetle (confused, very poisoned) and a gargoyle.

Vanquished Creatures
  Erolcha (D:9)
  An elephant (D:10)
  Maurice (D:9)
  A gargoyle (D:10)
  A troll (D:10)
  A hornet (shapeshifter) (D:10)
  2 shadows
  A vampire (D:10)
  15 yaks
  A wyvern (D:11)
  2 basilisks (D:10)
  2 steam dragons
  3 acid dragons
  3 water moccasins
  3 sky beasts
  5 orc warriors
  An ice beast (D:7)
  A black bear (D:8)
  An ogre (D:4)
  7 centaurs
  2 phantoms (D:6)
  3 kobold brigands
  3 bullfrogs
  A necrophage (D:7)
  2 scorpions
  11 killer bees
  3 electric eels (D:10)
  A howler monkey (D:6)
  A centaur zombie (Ossuary)
  2 jellies
  7 orc priests
  Crazy Yiuf (D:7)
  A gnoll bouda (D:7)
  3 hounds (D:5)
  4 iguanas
  10 orc wizards
  2 mummies (Ossuary)
  16 gnolls
  10 adders
  A shadow imp (D:5)
  2 white imps (D:7)
  An ufetubus (D:6)
  A worm (D:5)
  A dart slug (D:2)
  40 orcs
  7 ball pythons
  4 bats
  5 endoplasms
  6 giant cockroaches
  2 gnoll zombies (Ossuary)
  6 goblins
  11 hobgoblins
  7 jackals
  17 kobolds
  3 quokkas
  A frilled lizard (D:2)
  3 goblin zombies (Ossuary)
  5 hobgoblin zombies (Ossuary)
  3 orc zombies (Ossuary)
  6 rats
268 creatures vanquished.

Vanquished Creatures (collateral kills)
  Joseph (D:8)
  A centaur (D:11)
  3 gnolls
5 creatures vanquished.

Vanquished Creatures (others)
  2 dancing weapons
  A centaur (D:11)
  An orc (D:10)
4 creatures vanquished.

Grand Total: 277 creatures vanquished

Notes
Turn   | Place    | Note
-------+----------+-------------------------------------------
     0 | D:1      | mopl the Draconian Enchanter began the quest for the Orb.
     0 | D:1      | Reached XP level 1. HP: 14/14 MP: 3/3
   313 | D:1      | Reached XP level 2. HP: 13/20 MP: 3/5
   316 | D:1      | Learned a level 2 spell: Ensorcelled Hibernation
   407 | D:1      | Reached skill level 3 in Stealth
   408 | D:1      | Reached skill level 3 in Hexes
   642 | D:1      | Reached XP level 3. HP: 24/26 MP: 4/6
   797 | D:1      | Learned a level 3 spell: Confusing Touch
   862 | D:2      | Identified the +1 ring mail of Qyzeciq {Will+ Int+5}
   958 | D:2      | Reached skill level 1 in Ice Magic
  1098 | D:2      | Found a faded altar of an unknown god.
  1222 | D:3      | Identified the +1 dagger of the Hurting Rat {flame, rElec
                  | rC- rCorr Str+3}
  1296 | D:3      | Reached XP level 4. HP: 33/33 MP: 7/7
  1310 | D:3      | Learned a level 3 spell: Tukima's Dance
  1932 | D:4      | Noticed an ogre
  1941 | D:4      | Killed an ogre
  1942 | D:4      | Reached skill level 4 in Stealth
  1942 | D:4      | Reached skill level 3 in Spellcasting
  1942 | D:4      | Reached skill level 2 in Ice Magic
  1942 | D:4      | Reached XP level 5. HP: 34/38 MP: 6/9
  2566 | D:4      | Reached XP level 6. HP: 42/45 MP: 6/10
  2573 | D:4      | Learned a level 3 spell: Dazzling Flash
  2593 | D:4      | Reached skill level 4 in Hexes
  2716 | D:4      | Found Taxkac's Book Shoppe.
  2871 | D:4      | Found a hazy altar of Hepliaklqana.
  2950 | D:5      | Entered Level 5 of the Dungeon
  3005 | D:5      | Reached skill level 1 in Conjurations
  3005 | D:5      | Reached skill level 3 in Ice Magic
  3090 | D:5      | Your scales start taking on a rich purple colour.
  3090 | D:5      | Reached skill level 4 in Spellcasting
  3090 | D:5      | Reached skill level 5 in Hexes
  3090 | D:5      | Reached XP level 7. HP: 43/50 MP: 7/13
  3639 | D:4      | Reached skill level 5 in Stealth
  3639 | D:4      | Reached skill level 2 in Conjurations
  3639 | D:4      | Reached skill level 1 in Evocations
  3769 | D:4      | Reached skill level 1 in Throwing
  4290 | D:6      | Reached skill level 5 in Spellcasting
  4365 | D:6      | Reached skill level 2 in Short Blades
  4365 | D:6      | Reached XP level 8. HP: 47/57 MP: 9/15
  4515 | D:6      | Reached skill level 2 in Evocations
  4683 | D:6      | Reached skill level 2 in Throwing
  4683 | D:6      | Reached skill level 6 in Hexes
  4911 | D:6      | Reached skill level 3 in Conjurations
  5026 | D:6      | Reached skill level 6 in Stealth
  5118 | D:5      | Reached skill level 3 in Evocations
  5163 | D:6      | Reached skill level 3 in Short Blades
  5506 | D:7      | Found Qath's Distillery.
  5696 | D:7      | Bought a potion of degeneration for 13 gold pieces
  5696 | D:7      | Bought a potion of brilliance for 52 gold pieces
  5790 | D:7      | Reached XP level 9. HP: 62/62 MP: 8/16
  6028 | D:7      | Found a staircase to the Ecumenical Temple.
  6036 | Temple   | Entered the Ecumenical Temple
  6093 | Temple   | Became a worshipper of Dithmenos the Shadowed
  6191 | D:7      | Reached skill level 3 in Throwing
  6266 | D:7      | Reached skill level 7 in Stealth
  6285 | D:7      | Reached skill level 1 in Invocations
  6306 | D:7      | Reached skill level 4 in Evocations
  6596 | D:7      | Found a runed translucent door.
  6597 | D:7      | Noticed Crazy Yiuf
  6609 | D:7      | Killed Crazy Yiuf
  6643 | D:8      | Noticed Joseph
  6795 | D:8      | Found an iron altar of Okawaru.
  6809 | D:8      | Found a sand-covered staircase.
  6813 | Ossuary  | Entered an ossuary
  7033 | D:8      | Reached * piety under Dithmenos
  7036 | D:8      | Reached skill level 4 in Short Blades
  7134 | D:8      | Found Kotsiy's Distillery.
  7140 | D:8      | Bought a potion of cancellation for 104 gold pieces
  7140 | D:8      | Bought a potion of heal wounds for 65 gold pieces
  7140 | D:8      | Bought a potion of curing for 39 gold pieces
  7140 | D:8      | Bought a potion of invisibility for 104 gold pieces
  7235 | D:8      | Reached skill level 7 in Hexes
  7335 | D:8      | Reached skill level 2 in Invocations
  7656 | D:8      | Killed Joseph
  7771 | D:8      | Reached skill level 8 in Stealth
  8050 | D:9      | Reached skill level 4 in Throwing
  8050 | D:9      | Reached skill level 3 in Invocations
  8091 | D:8      | Reached skill level 5 in Evocations
  8091 | D:8      | Reached XP level 10. HP: 60/69 MP: 11/17
  8168 | D:9      | You fall into a shaft and drop 1 floor!
  8168 | D:10     | Entered Level 10 of the Dungeon
  8175 | D:10     | Noticed an elephant
  8204 | D:9      | Noticed Erolcha
  8206 | D:9      | Killed Erolcha
  8207 | D:9      | Reached skill level 5 in Short Blades
  8244 | D:9      | Found a bloodstained altar of Trog.
  8261 | D:9      | Found a basalt altar of Yredelemnul.
  8420 | D:9      | Identified the +7 rapier of Ried {holy, rF+ rCorr}
  8552 | D:9      | Reached ** piety under Dithmenos
  8674 | D:9      | Noticed Maurice
  8726 | D:9      | Killed Maurice
  8727 | D:9      | Reached skill level 9 in Stealth
  8727 | D:9      | Reached skill level 8 in Hexes
  8727 | D:9      | Reached skill level 4 in Invocations
  8741 | D:9      | Found a bloodstained altar of Trog.
  9781 | D:10     | Reached skill level 6 in Evocations
  9789 | D:10     | Reached skill level 5 in Throwing
 10040 | D:10     | Found an opulent altar of Gozag.
 10184 | D:10     | Reached XP level 11. HP: 74/74 MP: 18/18
 10227 | D:10     | Reached skill level 6 in Short Blades
 10227 | D:10     | Reached skill level 5 in Invocations
 10303 | D:10     | Found a staircase to the Lair.
 11656 | D:11     | Noticed kae's ghost (journeyman DrTm)
 11661 | D:11     | Noticed a two-headed ogre
 11724 | D:11     | Noticed an ogre mage
 11792 | D:11     | Found a transporter.
 11971 | D:11     | Reached skill level 10 in Stealth
 12226 | D:11     | Found a hide-covered altar of Uskayaw.
 12283 | D:11     | Noticed a boulder beetle
 12296 | D:11     | Killed from afar by a gargoyle

Illustrated notes

Levels and vault maps discovered:
D:1:      erik_arrival_orb_chamber, layout_basic
D:2:      layout_rooms, hellmonk_ecumenical_altar_arch_garden
D:3:      layout_loops_ring, minmay_starry_boxes
D:4:      layout_basic, worldfamousw_hep_ancestral_shrine, serial_shops,
          nicolae_shop_hallway_stairs
D:5:      layout_gridville, minmay_misc_feat_rows, lemuel_flame_loot_1
D:6:      layout_gridville
D:7:      layout_basic, minmay_temple_entry_overgrown, serial_shops,
          shop_fountains, kennysheep_generic_room_2, uniq_crazy_yiuf_cottage
D:8:      layout_gridville, okawaru_metal_pillars_1_2, enter_ossuary_5,
          serial_shops, shop, uniq_joseph
D:9:      layout_layer_cave, yredelemnul_altar_generic,
          trog_three_pillars_becter, kennysheep_small_circle, uniq_maurice,
          uniq_erolcha
D:10:     layout_basic, mainiacjoe_overflow_six_doors_small, david_lair_generic,
          minivault_22, minmay_misc_feat_tiny, st_stairs_7
D:11:     layout_rooms, nzn_ghost_randoct, nicolae_uskayaw_suspiria
Temple:   minmay_crystal_spiral_temple

Skill      XL: |  1  2  3  4  5  6  7  8  9 10 11 |
---------------+----------------------------------+-----
Stealth        | 3 4 5 6 8 9 10 | 10.0
Hexes          | 3 5 6 7 8 |  8.7
Ice Magic      | 1 2 3 |  3.0
Spellcasting   | 3 4 5 |  5.0
Conjurations   | 1 2 3 |  3.0
Evocations     | 1 3 5 6 |  6.7
Throwing       | 1 2 4 5 |  5.5
Short Blades   | 2 3 4 5 6 |  6.3
Invocations    | 3 4 5 |  5.4
Dodging        | |  1.7

Action                     |  1- 3 |  4- 6 |  7- 9 | 10-12 || total
---------------------------+-------+-------+-------+-------++-------
  Melee: Dagger            |   120 |   139 |   360 |   145 ||   764
         Tailslap          |    12 |    14 |    52 |    21 ||    99
         Punch             |     1 |     1 |     4 |     2 ||     8
  Throw: Dart              |       |     3 |       |     3 ||     6
   Cast: Tukima's Dance    |       |     4 |    22 |    10 ||    36
         Ensorcelled Hiber |       |     8 |    94 |    90 ||   192
         Confusing Touch   |       |     1 |     6 |     3 ||    10
         Dazzling Flash    |       |       |     2 |     2 ||     4
Ability: Breathe Dispellin |       |       |     6 |     6 ||    12
  Evoke: Wand              |       |       |     2 |     7 ||     9
    Use: Scroll            |       |     5 |     5 |       ||    10
         Potion            |       |       |       |     2 ||     2
   Stab: Sleeping          |     1 |    10 |    57 |    43 ||   111
         Confused          |       |     1 |     3 |     2 ||     6
         Invisible         |       |       |     1 |       ||     1
 Armour: Skin              |    36 |    40 |   145 |    70 ||   291
  Dodge: Dodged            |    85 |    80 |   277 |   173 ||   615

Table legend: (Time is in decaauts)
 A = Elapsed time spent in this place.
 B = Non-inter-level travel time spent in this place.
 C = Inter-level travel time spent in this place.
 D = Time resting spent in this place.
 E = Time spent auto-exploring this place.
 F = Levels seen in this place.
 G = Mean time per level.
                   A        B        C        D        E       F      G
               +--------+--------+--------+--------+--------+-----+--------+
         Total |  12230 |  11778 |    452 |   2918 |   6242 |  13 |  940.8 |
       Dungeon |  11976 |  11562 |    414 |   2918 |   6162 |  11 | 1088.7 |
        Temple |     94 |     57 |     37 |      0 |     39 |   1 |   94.0 |
       Ossuary |    159 |    159 |      0 |      0 |     41 |   1 |  159.0 |
               +--------+--------+--------+--------+--------+-----+--------+

Top non-repeatable levels by time:
    D:10: 2176 daAuts
     D:5: 1483 daAuts
     D:9: 1416 daAuts
     D:4: 1242 daAuts
     D:8: 1194 daAuts
     D:7: 1163 daAuts
     D:1: 828 daAuts
     D:6: 799 daAuts
     D:3: 755 daAuts
    D:11: 575 daAuts
     D:2: 340 daAuts
 Ossuary: 159 daAuts
  Temple: 94 daAuts
